 Dungeon Crawl Stone Soup version 0.29.1-13-g9f3cf754e1 (webtiles) character file.

Game seed: 7179716154446314641

240 xian the Conjurer (level 5, 0/28 HPs)
             Began as a Deep Elf Conjurer on Jan 28, 2023.
             Succumbed to a scorpion's poison
             ... on level 4 of the Dungeon.
             The game lasted 00:05:56 (3214 turns).

xian the Conjurer (Deep Elf Conjurer)               Turns: 3214, Time: 00:05:58

Health: 0/28       AC:  6    Str:  4    XL:     5   Next: 79%
Magic:  8/14       EV: 11    Int: 25    God:
Gold:   149        SH:  0    Dex: 13    Spells: 11/14 levels left

rFire   + . .      SeeInvis .   r - +0 dagger (venom)
rCold   . . .      Faith    +   (no shield)
rNeg    . . .      Spirit   .   s - +0 leather armour
rPois   .          Reflect  .   f - +0 helmet
rElec   .          Harm     .   q - +0 cloak
rCorr   .          Rampage  .   d - +0 pair of gloves
Will    .....                   (no boots)
Stlth   ++........              v - amulet of faith
HPRegen 0.09/turn               k - ring of protection from fire
MPRegen 0.14/turn               c - +4 ring of slaying

@: lethally poisoned (0 -> -27)
A: no striking features
a: no special abilities


You were on level 4 of the Dungeon.
You visited 1 branch of the dungeon, and saw 4 of its levels.

You collected 149 gold pieces.

Inventory:

Hand Weapons
 r - a +0 dagger of venom (weapon)
Missiles
 o - 5 poisoned darts
 t - 5 curare-tipped darts
Armour
 d - a +0 pair of gloves (worn)
 f - a +0 helmet (worn)
 h - an orb of mayhem
 q - a +0 cloak (worn)
 s - a +0 leather armour (worn)
Jewellery
 c - a +4 ring of slaying (right hand)
 k - a ring of protection from fire (left hand)
 v - an amulet of faith (around neck)
Scrolls
 e - a scroll of noise {unknown}
 i - 2 scrolls of blinking {unknown}
 j - 2 scrolls of torment {unknown}
 l - 2 scrolls of fear {unknown}
 m - 3 scrolls of identify {unknown}
 p - a scroll of amnesia {unknown}
 w - a scroll of enchant armour {unknown}
Potions
 a - a potion of brilliance {unknown}
 b - 3 potions of magic
 g - 2 potions of lignification {unknown}
 n - a potion of curing {unknown}
 u - a potion of might {unknown}


   Skills:
 + Level 0.1 Fighting
 + Level 0.1 Armour
 + Level 3.4 Dodging
 + Level 3.1 Stealth
 + Level 5.2 Spellcasting
 + Level 6.2 Conjurations


You had 11 spell levels left.
You knew the following spells:

 Your Spells              Type           Power      Damage    Failure   Level
a - Magic Dart            Conj           100%       1d8       1%          1
b - Searing Ray           Conj           74%        2d7       1%          2

Your spell library contained the following spells:

 Spells                   Type           Power      Damage    Failure   Level
 Dazzling Flash           Conj/Hex       44%        N/A       12%         3
 Slow                     Hex            24%        N/A       14%         1
 Ensorcelled Hibernation  Hex/Ice        12%        N/A       22%         2
 Passwall                 Tmut/Erth      5%         N/A       22%         2
 Fulminant Prism          Conj/Hex       11%        3d9       38%         4
 Iskenderun's Mystic Bla  Conj/Tloc      22%        2d6       38%         4
 Confusing Touch          Hex            6%         N/A       41%         3
 Swiftness                Air            6%         N/A       41%         3
 Vampiric Draining        Necr           6%         2d6       41%         3


Dungeon Overview and Level Annotations

Branches:
Dungeon (4/15)
 Temple: D:4-7

Altars:
Dithmenos

Shops:
D:2 [[


Message History

There is a stone staircase leading up here.
Casting: Magic Dart (safe; 1% risk of failure)
Confirm with . or Enter, or press ? or * to list all spells.
Aiming: Searing Ray (safe; 1% risk of failure)
Press: ? - help, Shift-Dir - straight line, f - scorpion
Aim: a scorpion (asleep, 100% to hit)
The searing ray hits the scorpion.
The scorpion is moderately wounded. (Press . to maintain the ray.)
The scorpion completely misses you.
The searing ray hits the scorpion.
The scorpion is moderately wounded.
The scorpion stings you.
You are poisoned.
The scorpion poisons you!
The searing ray hits the scorpion!
The scorpion is severely wounded.
You feel sick. The scorpion misses you.
The searing ray hits the scorpion.
The scorpion is severely wounded.
You finish channelling your searing ray.
You feel sick. The scorpion stings you.
You feel sick. The scorpion stings you. x2
You are lethally poisoned!
The scorpion poisons you!
* * * LOW HITPOINT WARNING * * *
You feel very sick. The scorpion stings you.
* * * LOW HITPOINT WARNING * * *
You are more poisoned.
The scorpion poisons you!
Casting: Searing Ray (safe; 1% risk of failure)
Confirm with . or Enter, or press ? or * to list all spells.
Aiming: Searing Ray (safe; 1% risk of failure)
Press: ? - help, Shift-Dir - straight line, f/p - scorpion
Aim: a scorpion (severely wounded, 81% to hit)
The searing ray hits the scorpion.
The scorpion is almost dead. (Press . to maintain the ray.)
You die...

.....
#...
#...
#####..
#......
#.....#
#...s.#
#....@#
#....##
.......
###....
#####


You could see a scorpion.

Vanquished Creatures
  Terence (D:2)
  2 orc wizards (D:3)
  3 gnolls (D:3)
  7 adders
  A worm (D:2)
  A dart slug (D:1)
  3 orcs (D:3)
  7 endoplasms
  3 giant cockroaches (D:1)
  6 goblins
  5 hobgoblins
  2 jackals (D:3)
  6 kobolds
  3 quokkas
  5 ball pythons
  5 bats (D:1)
  7 frilled lizards
  4 rats
71 creatures vanquished.

Notes
Turn   | Place    | Note
-------+----------+-------------------------------------------
     0 | D:1      | xian the Deep Elf Conjurer began the quest for the Orb.
     0 | D:1      | Reached XP level 1. HP: 10/10 MP: 6/6
   223 | D:1      | Reached XP level 2. HP: 15/15 MP: 1/8
   397 | D:1      | Reached skill level 5 in Conjurations
   496 | D:1      | Learned a level 2 spell: Searing Ray
   609 | D:1      | Reached XP level 3. HP: 19/19 MP: 7/9
   850 | D:1      | Found a faded altar of an unknown god.
  1340 | D:2      | Noticed Terence
  1351 | D:2      | Killed Terence
  1352 | D:2      | Reached XP level 4. HP: 15/24 MP: 1/11
  1626 | D:2      | Found Omeusaxi's Antique Armour Boutique.
  1732 | D:2      | Found Duomyfur's Armour Shop.
  2341 | D:3      | Reached XP level 5. HP: 28/28 MP: 10/13
  2356 | D:3      | Reached skill level 6 in Conjurations
  2598 | D:3      | Reached skill level 5 in Spellcasting
  2841 | D:3      | Found a shadowy altar of Dithmenos.
  3214 | D:4      | Succumbed to a scorpion's poison

Illustrated notes

Levels and vault maps discovered:
D:1:      dpeg_arrival_oval, layout_basic, chequers_ecumenical_altar_lobes,
          grunt_decor_mini_mirrors
D:2:      layout_rooms, serial_shops, shop_statue, shop_fountains, st_stairs_13,
          uniq_terence
D:3:      layout_basic, grunt_dithmenos_smoke
D:4:      layout_basic

Skill      XL: |  1  2  3  4  5 |
---------------+----------------+-----
Conjurations   | 5 6 |  6.2
Stealth        | 3 |  3.1
Dodging        | 3 |  3.4
Spellcasting   | 4 5 |  5.2
Fighting       | |  0.1
Armour         | |  0.1

Action                   |  1- 3 |  4- 6 || total
-------------------------+-------+-------++-------
Melee: Short sword       |     4 |     4 ||     8
       Dagger            |       |     3 ||     3
 Cast: Magic Dart        |    48 |    61 ||   109
       Searing Ray       |     6 |     7 ||    13
Armor: Robe              |     8 |     1 ||     9
       Leather armour    |       |     5 ||     5
Dodge: Dodged            |    24 |    16 ||    40
